 Dungeon Crawl Stone Soup version 0.22.1-6-g1668fe2 (webtiles) character file.

238 elrod the Slasher (level 6, -2/48 HPs)
             Began as a Human Berserker on Jan 19, 2019.
             Was a Priest of Trog.
             Splashed by a jelly's acid (7 damage)
             ... on level 5 of the Dungeon on Jan 20, 2019.
             The game lasted 00:15:16 (2496 turns).

elrod the Slasher (Human Berserker)                 Turns: 2496, Time: 00:15:19

Health: -2/48      AC:  0    Str: 18      XL:     6   Next: 28%
Magic:  6/6        EV: 10    Int:  8      God:    Trog [***...]
Gold:   99         SH:  0    Dex: 11 (13) Spells: 5/5 levels left

rFire    . . .     SeeInvis .   a - +1 falchion
rCold    . . .     Gourm    .   (no shield)
rNeg     . . .     Faith    .   e - +0 scale mail
rPois    .         Spirit   .   g - +0 helmet
rElec    .         Reflect  .   (no cloak)
rCorr    .         Harm     .   (no gloves)
MR       .....                  (no boots)
Stlth    ..........             (no amulet)
HPRegen  0.16/turn              (no ring)
MPRegen  0.10/turn              (no ring)

@: corroded
A: no striking features
a: Berserk, Trog's Hand, Renounce Religion


You were on level 5 of the Dungeon.
You worshipped Trog.
Trog was most pleased with you.
You were not hungry.

You visited 1 branch of the dungeon, and saw 4 of its levels.

You collected 99 gold pieces.

Inventory:

Hand Weapons
 a - a +1 falchion (weapon)
 d - a +0 mace
 p - a +0 hunting sling of flaming
Missiles
 c - 16 sling bullets
 i - 7 javelins
 j - 70 stones
 k - a throwing net (quivered)
Armour
 b - a +0 animal skin
 e - a +0 scale mail (worn)
 g - a +0 helmet (worn)
 h - a +0 ring mail
Scrolls
 l - 2 scrolls of teleportation
 m - a scroll of remove curse
 n - 3 scrolls of magic mapping
 o - a scroll of immolation {unknown}
 q - a scroll of enchant weapon
 r - 3 scrolls of identify
Potions
 f - a potion of lignification {unknown}


   Skills:
 + Level 4.0 Fighting
 + Level 4.8 Long Blades
 + Level 0.2 Throwing
 + Level 3.3 Armour
 + Level 2.8 Dodging
 + Level 0.1 Stealth


You had 5 spell levels left.
You didn't know any spells.
Your spell library was empty.

Dungeon Overview and Level Annotations

Branches:
Dungeon (3/15)

Altars:
Fedhas
Sif Muna


Message History

A jelly and an ice beast come into view.
The jelly quivers.
You see here 2 coppery potions.
You completely miss the jelly. The jelly hits you.
You are splashed with acid!
The acid burns!
You hit the jelly.
Your hands burn!
The jelly is moderately wounded.
The jelly closely misses you.
You slash the jelly! The acid corrodes you!
Your hands burn!
The jelly is almost dead.
The jelly hits you. The acid corrodes you!
You are splashed with acid!
The acid burns!
You barely miss the jelly.
The jelly is almost dead.
The ice beast hits you. The ice beast freezes you!
* * * LOW HITPOINT WARNING * * *
The jelly hits you.
* * * LOW HITPOINT WARNING * * *
You are splashed with acid!
The acid burns!
You die...

.. #. #.
#. ##. #.
.... #.
.....
#J##......
#.@Y......
####......
####.


You could see an ice beast and a jelly.

Vanquished Creatures
  Natasha (thrice) (D:2)
  Robin (D:1)
  7 adders
  2 oozes (D:2)
  2 worms (D:2)
  A dart slug (D:1)
  A leopard gecko (D:2)
  A ball python (D:1)
  7 bats
  3 giant cockroaches (D:2)
  15 goblins
  8 hobgoblins
  8 jackals
  2 quokkas
  4 frilled lizards
  3 kobolds
  6 rats
74 creatures vanquished.

Notes
Turn   | Place    | Note
-------+----------+-------------------------------------------
     0 | D:1      | elrod the Human Berserker began the quest for the Orb.
     0 | D:1      | Reached XP level 1. HP: 18/18 MP: 1/1
   240 | D:1      | Reached XP level 2. HP: 19/24 MP: 2/2
   543 | D:1      | Reached XP level 3. HP: 25/29 MP: 3/3
   906 | D:2      | Noticed Natasha
   916 | D:2      | Killed Natasha
   916 | D:2      | Reached XP level 4. HP: 27/35 MP: 4/4
   932 | D:2      | Noticed Natasha
   951 | D:2      | Killed Natasha
   951 | D:2      | Reached ** piety under Trog
  1086 | D:2      | Noticed Robin
  1365 | D:1      | Killed Robin
  1365 | D:1      | Reached XP level 5. HP: 38/42 MP: 5/5
  1508 | D:2      | Noticed Natasha
  1517 | D:2      | Killed Natasha
  2083 | D:2      | Found a deep blue altar of Sif Muna.
  2086 | D:2      | Reached XP level 6. HP: 46/48 MP: 6/6
  2117 | D:2      | Reached *** piety under Trog
  2159 | D:2      | Found a blossoming altar of Fedhas.
  2492 | D:3      | You fall through a shaft for 2 floors!
  2492 | D:5      | Entered Level 5 of the Dungeon
  2492 | D:5      | Noticed an ice beast
  2496 | D:5      | Splashed by a jelly's acid

Skill      XL: |  1  2  3  4  5  6 |
---------------+-------------------+-----
Long Blades    | 4 |  4.8
Armour         | 3 |  3.3
Fighting       | 4 |  4.0
Throwing       | |  0.2
Dodging        | |  2.8
Stealth        | |  0.1

Action                   |  1- 3 |  4- 6 || total
-------------------------+-------+-------++-------
Melee: Falchion          |    63 |   203 ||   266
Throw: Javelin           |     2 |     2 ||     4
  Use: Potion            |     2 |     4 ||     6
       Scroll            |     2 |     4 ||     6
  Eat: Ration            |       |     2 ||     2
Armor: Scale mail        |    25 |    87 ||   112
       Animal skin       |     1 |       ||     1
Dodge: Dodged            |    42 |   127 ||   169
       Rpst.: Falchion   |    14 |    42 ||    56
